Map: Ruins of Seras

Players

lesha - Winner!

  • Race: Terran Terran

A.I. 1 (Harder)

  • Race: Protoss Protoss

VOD

Have the link to the VOD?

Description

Time

  • Played on: Dec. 4, 2015, 10:13 p.m.
  • Length: 13:34
Show
View Real Time Build Order
Export as new Build Order

lesha Terran - Winner!

Build Orders:  

Get SALT Encoding   

  12  0:01  SCV  
  13  0:13  SCV  
  14  0:19  Supply Depot  
  14  0:30  SCV  
  15  0:42  SCV, Barracks  
  16  0:54  SCV  
  17  1:06  SCV  
  18  1:18  SCV  
  19  1:25  Command Center  
  19  1:31  Orbital Command  
  19  1:45  Marine  
  20  1:53  Refinery  
  20  1:55  Refinery  
  20  1:59  SCV  
  21  2:05  Marine  
  22  2:11  SCV  
  23  2:36  SCV, Marine  
  25  2:37  Supply Depot  
  25  2:42  Orbital Command  
  25  2:48  SCV  
  26  2:54  Factory, Marine  
  27  3:00  SCV  
  28  3:08  Bunker  
  27  3:13  SCV  
  28  3:22  SCV  
  28  3:25  SCV  
  30  3:27  Barracks Reactor  
  30  3:34  SCV  
  31  3:36  Barracks  
  31  3:37  Barracks  
  31  3:40  Factory Tech Lab  
  31  3:45  Starport  
  31  3:48  SCV  
  32  3:53  SCV  
  33  4:00  SCV  
  33  4:01  Supply Depot  
  34  4:05  SCV  
  34  4:06  Marine x2  
  34  4:08  Siege Tank  
  40  4:14  SCV  
  41  4:17  SCV  
  41  4:22  Starport Reactor  
  42  4:27  SCV  
  43  4:36  Engineering Bay  
  43  4:46  SCV x2  
  43  4:48  Engineering Bay  
  45  4:53  Barracks Tech Lab  
  45  4:55  Barracks Reactor  
  45  4:59  Marine x2  
  47  5:02  Medivac x2  
  47  5:05  Terran Infantry Weapons Level 1  
  51  5:16  Supply Depot  
  51  5:21  SCV x2  
  53  5:28  Terran Infantry Armor Level 1  
  53  5:33  SCV  
  54  5:36  Barracks  
  54  5:38  SCV, Marauder, Barracks, Marine x4  
  61  5:49  Supply Depot  
  61  5:50  Supply Depot  
  61  5:51  SCV  
  61  5:56  Refinery  
  62  5:58  Refinery  
  62  6:03  Command Center  
  62  6:10  Marauder, SCV x2, Viking, Marine x2  
  70  6:11  Marine x2  
  70  6:13  Supply Depot  
  70  6:14  Supply Depot  
  72  6:20  Siege Tank  
  72  6:22  SCV  
  76  6:28  Marine x2  
  78  6:34  Supply Depot, SCV x2  
  78  6:35  Marauder  
  78  6:36  Supply Depot  
  82  6:45  Supply Depot  
  82  6:46  Marine x3  
  85  6:47  Marine  
  86  6:55  Marine  
  83  7:29  Marine x3  
  84  7:30  Marine x2  
  88  7:42  Stimpack  
  88  7:47  Marine x4  
  83  8:02  Bunker, Orbital Command  
  83  8:04  Marine  
  83  8:05  Marine x4  
  86  8:08  Barracks Reactor x2  
  88  8:19  Barracks  
  88  8:20  Barracks  
  88  8:39  Marine  
  88  8:40  Marine x4  
  93  8:42  Medivac x2  
  93  8:48  Supply Depot  
  97  8:57  Marine  
  97  8:58  Command Center  
  97  8:59  Orbital Command  
  98  9:10  Armory  
  98  9:11  Supply Depot  
  98  9:14  Reaper  
  98  9:15  Marine  
  98  9:16  Marine x6  
  106  9:22  Marine  
  106  9:23  Medivac x2  
  111  9:28  Siege Tank  
  114  9:33  Marine x2  
  114  9:34  Supply Depot  
  116  9:40  Marauder  
  116  9:43  Combat Shields  
  118  9:53  Medivac x2  
  118  9:57  Terran Infantry Weapons Level 2  
  118  9:58  Supply Depot, Terran Infantry Armor Level 2  
  118  9:59  Marine x3  
  125  10:00  Barracks Reactor x2, Siege Tank  
  125  10:01  Marine x5  
  125  10:02  Marauder  
  135  10:17  Marine  
  136  10:23  Medivac x2, Marauder  
  143  10:36  Orbital Command  
  142  10:44  Marauder  
  142  10:49  Marine x3  
  146  10:50  Marine x2  
  146  10:52  Marine x6  
  146  10:53  Marine  
  156  11:02  Concussive Shells  
  156  11:06  Marauder  
  156  11:07  Marine  
  156  11:08  Orbital Command  
  148  11:24  Marine x6  
  148  11:25  Marine x4  
  157  11:26  Marine x2  
  157  11:27  Marauder, Medivac x2  
  166  11:42  Marine x2  
  168  11:49  Marauder  
  170  11:57  Medivac x2  
  174  12:09  Supply Depot x2, Marine x6  
  174  12:11  Supply Depot  
  180  12:30  Medivac x2, Marine x10  
  180  12:31  Marauder  
Show
View Real Time Build Order
Export as new Build Order

A.I. 1 (Harder) Protoss 

Build Orders:  

Get SALT Encoding   

  12  0:01  Probe (Chrono Boost)  
  13  0:11  Probe (Chrono Boost)  
  14  0:22  Probe (Chrono Boost), Pylon  
  15  0:40  Probe (Chrono Boost)  
  16  0:50  Assimilator  
  16  0:51  Probe (Chrono Boost)  
  16  0:52  Gateway  
  17  1:01  Probe (Chrono Boost)  
  17  1:02  Pylon  
  18  1:12  Probe (Chrono Boost)  
  19  1:24  Probe (Chrono Boost)  
  20  1:38  Zealot  
  20  1:45  Cybernetics Core  
  22  1:47  Gateway  
  22  1:49  Assimilator  
  22  2:04  Pylon  
  22  2:18  Stalker  
  24  2:23  Warp Gate  
  24  2:33  Stalker  
  26  2:45  Pylon  
  26  2:47  Zealot  
  28  3:02  Adept  
  30  3:13  Adept  
  32  3:25  Pylon  
  32  3:27  Adept  
  34  3:40  Stalker  
  36  3:47  Probe (Chrono Boost)  
  37  3:53  Adept  
  39  3:58  Probe (Chrono Boost)  
  40  4:03  Pylon  
  40  4:08  Stalker  
  41  4:10  Probe (Chrono Boost)  
  43  4:19  Adept  
  43  4:20  Forge  
  43  4:22  Probe (Chrono Boost)  
  46  4:33  Probe (Chrono Boost)  
  47  4:45  Probe (Chrono Boost)  
  48  4:46  Adept  
  50  4:57  Zealot  
  52  6:07  Protoss Ground Weapons Level 1  
  52  6:11  Sentry  
  52  6:16  Robotics Facility  
  52  6:18  Pylon  
  54  6:19  Sentry, Nexus, Photon Cannon  
  54  6:21  Photon Cannon  
  54  6:25  Stargate  
  56  6:27  Twilight Council  
  56  6:28  Gateway  
  56  6:34  Stalker  
  58  6:41  Stalker  
  60  6:57  Blink  
  60  6:58  Forge  
  60  7:03  Stalker  
  60  7:05  Observer  
  53  7:11  Adept  
  47  7:22  Protoss Ground Armor Level 1  
  39  7:23  Adept  
  39  7:26  Observer  
  42  7:31  Adept  
  42  7:34  Probe (Chrono Boost)  
  32  7:39  Zealot  
  24  8:00  Probe (Chrono Boost)  
  25  8:15  Probe (Chrono Boost)  
  26  8:25  Probe (Chrono Boost)  
  27  8:35  Probe (Chrono Boost)  
  28  8:42  Probe (Chrono Boost)  
  29  8:50  Probe (Chrono Boost)  
  30  8:58  Probe (Chrono Boost)  
  31  9:03  Probe (Chrono Boost)  
  31  9:09  Probe (Chrono Boost)  
  33  9:14  Probe (Chrono Boost)  
  34  9:19  Probe (Chrono Boost)  
  35  9:25  Probe (Chrono Boost)  
  35  9:30  Probe (Chrono Boost)  
  37  9:35  Probe (Chrono Boost)  
  38  9:40  Probe (Chrono Boost)  
  39  9:46  Probe (Chrono Boost)  
  39  9:51  Probe (Chrono Boost)  
  41  9:55  Zealot  
  41  9:57  Probe (Chrono Boost)  
  44  10:02  Probe (Chrono Boost)  
  45  10:08  Probe (Chrono Boost)  
  45  10:12  Adept  
  45  10:13  Probe (Chrono Boost)  
  49  10:19  Probe (Chrono Boost)  
  50  10:24  Probe (Chrono Boost)  
  51  10:30  Probe (Chrono Boost)  
  52  10:39  Stalker x2  
  52  10:45  Nexus  
  52  10:49  Probe (Chrono Boost)  
  53  10:51  Probe (Chrono Boost)  
  54  11:02  Gateway  
  54  11:12  Robotics Facility  
  54  11:16  Zealot  
  46  11:20  Adept  
  46  11:24  Adept  
  38  11:35  Stalker  
  38  11:39  Stargate  
  40  11:40  Zealot  
  40  11:45  Adept  
  44  11:56  Adept  
  46  12:02  Gateway  
  46  12:04  Stalker  
  48  12:13  Immortal  
  52  12:24  Stalker  
  52  12:28  Stalker  
  29  13:12  Stalker  
  23  13:18  Probe (Chrono Boost)  
Tags
 
Add a new tag
Caveats
  • Supply blocks, unpowered buildings, or Contaminate may cause inaccurate times.
  • Supply counts are checked every 10 seconds.